General information
- name: BNet
- type: Ladder team game (AT/RT)
- host: Battle.net
- saver: DanielCormier
map: Deadlock_LV
- players: 8
- length: 25:34
- speed: Fast
- version: 1.30 W3XP
- replay type: Public
» download(318 KB)
Players
team 1 (loser)
N1.FAKE (
green | 136 APM | 3234 actions | 23:51)
5 Death Knight
3 Death Coil
1 Unholy Aura
1 Death Pact
4 Lich
2 Frost Nova
1 Dark Ritual
1 Frost Armor
» actions
| Assign group hotkey | 123 | |
| Basic commands | 283 | |
| Build / train | 128 | |
| Enter build submenu | 19 | |
| Enter hero's abilities submenu | 9 | |
| Give item / drop item | 3 | |
| Remove unit from queue | 1 | |
| Right click | 1421 | |
| Select / deselect | 351 | |
| Select group hotkey | 721 | |
| Use ability | 175 | |
3234 total
» units
| Acolyte | 8 | |
| Ghoul | 4 | |
| Crypt Fiend | 26 | |
| Obsidian Statue | 3 | |
| Abomination | 10 | |
51 total
» upgrades
| Creature Attack | 3 | |
| Creature Carapace | 2 | |
| Backpack | 1 | |
| Destroyer Form | 1 | |
7 total
» buildings
| Graveyard | 1 | |
| Crypt | 2 | |
| Altar of Darkness | 1 | |
| Ziggurat | 7 | |
| Tomb of Relics | 1 | |
| Nerubian Tower | 10 | |
| Halls of the Dead | 2 | |
| Black Citadel | 2 | |
| Slaughterhouse | 1 | |
| Necropolis | 1 | |
28 total
» build order
00:05 Graveyard
00:09 Crypt
00:43 Altar of Darkness
00:58 Ziggurat
01:24 Tomb of Relics
02:02 Ziggurat
02:33 Nerubian Tower
02:33 Nerubian Tower
03:48 Halls of the Dead
03:48 Halls of the Dead
04:25 Ziggurat
06:52 Black Citadel
06:52 Black Citadel
06:58 Slaughterhouse
10:17 Ziggurat
10:44 Ziggurat
11:13 Necropolis
12:54 Ziggurat
14:06 Nerubian Tower
14:07 Nerubian Tower
14:08 Ziggurat
15:54 Nerubian Tower
15:54 Nerubian Tower
15:54 Nerubian Tower
15:54 Nerubian Tower
19:55 Crypt
» items
| Rod of Necromancy | 8 | |
| Scroll of Town Portal | 11 | |
| Orb of Corruption | 2 | |
| Potion of Healing | 10 | |
31 total
Mitch. (
red | 100 APM | 2396 actions | 23:54)
4 Death Knight
2 Death Coil
2 Unholy Aura
2 Lich
1 Frost Nova
1 Dark Ritual
» actions
| Assign group hotkey | 2 | |
| Basic commands | 22 | |
| Build / train | 85 | |
| Enter build submenu | 16 | |
| Enter hero's abilities submenu | 6 | |
| Give item / drop item | 3 | |
| Remove unit from queue | 1 | |
| Right click | 1461 | |
| Select / deselect | 303 | |
| Select group hotkey | 390 | |
| Use ability | 106 | |
2396 total
» units
| Acolyte | 7 | |
| Ghoul | 4 | |
| Crypt Fiend | 19 | |
| Abomination | 7 | |
| Meatwagon | 5 | |
42 total
» upgrades
| Creature Attack | 3 | |
| Creature Carapace | 2 | |
| Web | 1 | |
| Burrow | 1 | |
| Disease Cloud | 1 | |
| Unholy Strength | 3 | |
| Unholy Armor | 2 | |
13 total
» buildings
| Crypt | 1 | |
| Graveyard | 1 | |
| Altar of Darkness | 1 | |
| Ziggurat | 8 | |
| Tomb of Relics | 1 | |
| Halls of the Dead | 1 | |
| Black Citadel | 1 | |
| Necropolis | 1 | |
| Slaughterhouse | 2 | |
| Nerubian Tower | 2 | |
| Spirit Tower | 1 | |
20 total
» build order
00:13 Crypt
00:18 Graveyard
00:43 Altar of Darkness
01:02 Ziggurat
01:23 Tomb of Relics
02:01 Ziggurat
02:37 Ziggurat
05:51 Halls of the Dead
06:06 Ziggurat
08:25 Black Citadel
08:32 Ziggurat
10:29 Necropolis
10:59 Slaughterhouse
11:11 Slaughterhouse
11:17 Ziggurat
11:59 Ziggurat
12:03 Ziggurat
13:13 Nerubian Tower
13:14 Spirit Tower
13:17 Nerubian Tower
» items
| Rod of Necromancy | 2 | |
| Scroll of Town Portal | 4 | |
| Potion of Mana | 4 | |
| Orb of Corruption | 2 | |
| Scroll of Healing | 2 | |
| Potion of Healing | 1 | |
15 total
migz (
pink | 72 APM | 1712 actions | 23:48)
3 Death Knight
2 Death Coil
1 Unholy Aura
3 Lich
2 Frost Nova
1 Frost Armor
1 Crypt Lord
1 Impale
» actions
| Assign group hotkey | 36 | |
| Basic commands | 183 | |
| Build / train | 55 | |
| ESC pressed | 7 | |
| Enter build submenu | 15 | |
| Enter hero's abilities submenu | 7 | |
| Give item / drop item | 1 | |
| Right click | 732 | |
| Select / deselect | 466 | |
| Select group hotkey | 130 | |
| Use ability | 80 | |
1712 total
» units
| Acolyte | 4 | |
| Ghoul | 3 | |
| Crypt Fiend | 14 | |
| Obsidian Statue | 2 | |
| Abomination | 2 | |
| Frost Wyrm | 3 | |
28 total
» upgrades
| Creature Attack | 2 | |
| Web | 1 | |
| Destroyer Form | 1 | |
| Freezing Breath | 1 | |
5 total
» buildings
| Crypt | 1 | |
| Graveyard | 1 | |
| Altar of Darkness | 1 | |
| Ziggurat | 5 | |
| Tomb of Relics | 2 | |
| Halls of the Dead | 1 | |
| Slaughterhouse | 1 | |
| Black Citadel | 1 | |
| Sacrificial Pit | 1 | |
| Boneyard | 1 | |
| Spirit Tower | 1 | |
16 total
» build order
00:12 Crypt
00:16 Graveyard
00:32 Altar of Darkness
00:50 Ziggurat
01:52 Tomb of Relics
02:20 Ziggurat
02:55 Halls of the Dead
04:18 Ziggurat
05:22 Slaughterhouse
05:53 Black Citadel
07:10 Ziggurat
07:24 Sacrificial Pit
09:58 Tomb of Relics
10:09 Boneyard
10:55 Ziggurat
13:41 Spirit Tower
» items
| Rod of Necromancy | 2 | |
| Orb of Corruption | 1 | |
| Scroll of Healing | 1 | |
| Scroll of Town Portal | 2 | |
| Potion of Healing | 1 | |
| Potion of Mana | 1 | |
8 total

»
IveGotYourBack (
blue | 71 APM | 1812 actions | 25:32)
4 Blademaster
1 Mirror Image
2 Critical Strike
1 Wind Walk
1 Tauren Chieftain
1 Endurance Aura
» actions
| Assign group hotkey | 42 | |
| Basic commands | 70 | |
| Build / train | 85 | |
| Enter build submenu | 25 | |
| Enter hero's abilities submenu | 5 | |
| Give item / drop item | 2 | |
| Remove unit from queue | 2 | |
| Right click | 763 | |
| Select / deselect | 275 | |
| Select group hotkey | 491 | |
| Use ability | 52 | |
1812 total
» units
| Peon | 18 | |
| Grunt | 20 | |
| Demolisher | 8 | |
| Troll Headhunter/Berserker | 6 | |
52 total
» upgrades
| Pillage | 1 | |
| Ranged Weapons | 3 | |
| Armor | 2 | |
| Reinforced Defenses | 1 | |
| Troll Regeneration | 1 | |
8 total
» buildings
| Orc Burrow | 7 | |
| Altar of Storms | 1 | |
| Barracks | 2 | |
| Voodoo Lounge | 1 | |
| War Mill | 1 | |
| Stronghold | 1 | |
| Great Hall | 2 | |
| Watch Tower | 4 | |
| Fortress | 1 | |
20 total
» build order
00:34 Orc Burrow
00:44 Altar of Storms
01:12 Barracks
01:31 Voodoo Lounge
01:58 Orc Burrow
02:21 War Mill
03:14 Orc Burrow
04:19 Stronghold
07:05 Great Hall
07:20 Watch Tower
09:56 Great Hall
11:04 Watch Tower
11:08 Watch Tower
12:19 Barracks
13:38 Orc Burrow
14:01 Orc Burrow
17:21 Fortress
18:32 Orc Burrow
21:15 Orc Burrow
21:24 Watch Tower
» items
| Healing Salve | 4 | |
| Lesser Clarity Potion | 1 | |
| Scroll of Town Portal | 4 | |
| Sentry Wards | 1 | |
| The Lion Horn of Stormwind | 1 | |
| Scourge Bone Chimes | 1 | |
| Khadgar's Gem of Health | 1 | |
| Orb of Lightning | 1 | |
14 total
team 2 (winner)
DanielCormier (
purple | 144 APM | 3681 actions | 25:34)
5 Tauren Chieftain
3 War Stomp
2 Endurance Aura
3 Shadow Hunter
2 Hex
1 Healing Wave
» actions
| Assign group hotkey | 25 | |
| Basic commands | 176 | |
| Build / train | 83 | |
| ESC pressed | 7 | |
| Enter build submenu | 37 | |
| Enter hero's abilities submenu | 8 | |
| Give item / drop item | 1 | |
| Remove unit from queue | 5 | |
| Right click | 1732 | |
| Select / deselect | 813 | |
| Select group hotkey | 677 | |
| Use ability | 117 | |
3681 total
» units
| Peon | 26 | |
| Troll Headhunter/Berserker | 16 | |
| Wind Rider | 5 | |
47 total
» upgrades
» buildings
| Altar of Storms | 2 | |
| War Mill | 2 | |
| Barracks | 1 | |
| Orc Burrow | 10 | |
| Voodoo Lounge | 3 | |
| Stronghold | 2 | |
| Great Hall | 4 | |
| Watch Tower | 11 | |
| Beastiary | 3 | |
| Fortress | 3 | |
41 total
» build order
00:03 Altar of Storms
00:05 War Mill
00:31 Barracks
01:07 Orc Burrow
01:09 Orc Burrow
02:10 Orc Burrow
02:22 Voodoo Lounge
03:55 Stronghold
04:38 Orc Burrow
05:03 Great Hall
08:42 Voodoo Lounge
10:34 Orc Burrow
10:45 Watch Tower
10:47 Watch Tower
10:49 Watch Tower
11:19 Watch Tower
11:49 Watch Tower
11:53 Voodoo Lounge
12:12 Altar of Storms
12:31 Watch Tower
12:36 Orc Burrow
13:17 Watch Tower
13:40 War Mill
14:10 Beastiary
14:28 Orc Burrow
15:23 Beastiary
15:32 Fortress
16:01 Orc Burrow
17:23 Great Hall
18:04 Orc Burrow
19:45 Stronghold
20:08 Watch Tower
20:09 Watch Tower
20:33 Watch Tower
20:35 Watch Tower
22:10 Beastiary
22:39 Great Hall
23:30 Fortress
23:30 Fortress
24:09 Orc Burrow
24:20 Great Hall
» items
| Healing Salve | 3 | |
| Lesser Clarity Potion | 7 | |
| Potion of Healing | 1 | |
| Scroll of Town Portal | 3 | |
14 total
ShaggyDI (
orange | 43 APM | 1092 actions | 25:33)
6 Mountain King
3 Storm Bolt
2 Bash
1 Avatar
4 Paladin
2 Holy Light
2 Divine Shield
» actions
| Assign group hotkey | 2 | |
| Basic commands | 50 | |
| Build / train | 111 | |
| ESC pressed | 3 | |
| Enter build submenu | 26 | |
| Enter hero's abilities submenu | 10 | |
| Give item / drop item | 5 | |
| Right click | 363 | |
| Select / deselect | 393 | |
| Select group hotkey | 6 | |
| Use ability | 123 | |
1092 total
» units
| Peasant | 17 | |
| Rifleman | 12 | |
| Mortar Team | 8 | |
37 total
» upgrades
| Gunpowder | 3 | |
| Armor | 3 | |
| Masonry | 3 | |
| Long Rifles | 1 | |
| Lumber Harvesting | 2 | |
| Flare | 1 | |
| Fragmentation Shards | 1 | |
14 total
» buildings
| Altar of Kings | 1 | |
| Farm | 10 | |
| Blacksmith | 1 | |
| Barracks | 1 | |
| Lumber Mill | 1 | |
| Arcane Vault | 1 | |
| Scout Tower | 19 | |
| Guard Tower | 14 | |
| Keep | 1 | |
| Arcane Tower | 2 | |
| Town Hall | 2 | |
| Workshop | 1 | |
| Castle | 1 | |
| Cannon Tower | 1 | |
56 total
» build order
00:47 Altar of Kings
00:49 Farm
01:03 Blacksmith
01:19 Barracks
01:28 Farm
02:10 Farm
02:25 Farm
02:46 Lumber Mill
03:15 Farm
03:17 Farm
04:24 Arcane Vault
04:49 Scout Tower
04:53 Scout Tower
05:20 Guard Tower
06:03 Keep
06:04 Arcane Tower
06:12 Farm
06:14 Farm
07:41 Town Hall
07:46 Scout Tower
07:48 Scout Tower
07:50 Scout Tower
07:51 Scout Tower
08:37 Guard Tower
08:58 Arcane Tower
10:45 Guard Tower
11:35 Guard Tower
11:56 Workshop
12:04 Castle
13:35 Scout Tower
13:36 Scout Tower
13:37 Scout Tower
13:37 Scout Tower
14:23 Guard Tower
14:59 Guard Tower
15:01 Guard Tower
16:16 Guard Tower
16:22 Scout Tower
16:23 Scout Tower
16:23 Scout Tower
16:25 Scout Tower
17:14 Guard Tower
17:15 Guard Tower
18:34 Guard Tower
18:35 Cannon Tower
19:09 Scout Tower
19:10 Scout Tower
19:40 Guard Tower
20:52 Guard Tower
21:02 Farm
21:02 Farm
22:54 Scout Tower
22:55 Scout Tower
22:56 Scout Tower
23:51 Guard Tower
24:10 Town Hall
» items
| Boots of Speed | 2 | |
| Lesser Clarity Potion | 7 | |
| Scroll of Regeneration | 5 | |
| Scroll of Town Portal | 8 | |
| Potion of Lesser Invulnerability | 1 | |
| Potion of Mana | 4 | |
| Potion of Healing | 2 | |
29 total
(:P)(:|)(:-|)= (
yellow | 50 APM | 1283 actions | 25:33)
6 Mountain King
3 Storm Bolt
1 Bash
1 Thunder Clap
1 Avatar
4 Paladin
2 Holy Light
1 Divine Shield
1 Devotion Aura
» actions
| Basic commands | 1 | |
| Build / train | 88 | |
| Enter build submenu | 38 | |
| Enter hero's abilities submenu | 10 | |
| Give item / drop item | 7 | |
| Right click | 636 | |
| Select / deselect | 422 | |
| Use ability | 81 | |
1283 total
» units
| Peasant | 16 | |
| Footman | 6 | |
| Knight | 13 | |
| Priest | 7 | |
| Spell Breaker | 1 | |
43 total
» upgrades
| Masonry | 3 | |
| Swords | 3 | |
| Armor | 1 | |
| Plating | 3 | |
| Priest Training | 2 | |
| Animal War Training | 1 | |
13 total
» buildings
| Altar of Kings | 1 | |
| Scout Tower | 10 | |
| Farm | 13 | |
| Barracks | 2 | |
| Arcane Tower | 2 | |
| Lumber Mill | 1 | |
| Town Hall | 2 | |
| Guard Tower | 6 | |
| Keep | 1 | |
| Blacksmith | 1 | |
| Gryphon Aviary | 3 | |
| Arcane Sanctum | 1 | |
| Castle | 1 | |
| Arcane Vault | 1 | |
45 total
» build order
01:33 Altar of Kings
01:35 Scout Tower
01:37 Farm
01:49 Farm
01:55 Barracks
02:01 Arcane Tower
02:06 Farm
02:44 Lumber Mill
02:50 Scout Tower
02:58 Farm
03:45 Farm
04:25 Farm
05:30 Town Hall
05:43 Guard Tower
05:49 Scout Tower
05:51 Keep
06:04 Scout Tower
06:33 Guard Tower
06:35 Scout Tower
07:00 Arcane Tower
07:10 Guard Tower
07:13 Farm
07:17 Farm
08:14 Blacksmith
08:51 Scout Tower
09:15 Scout Tower
09:19 Scout Tower
09:21 Scout Tower
09:22 Guard Tower
09:33 Gryphon Aviary
09:39 Gryphon Aviary
09:46 Gryphon Aviary
10:00 Guard Tower
10:07 Barracks
10:09 Arcane Sanctum
10:14 Castle
10:20 Scout Tower
10:53 Guard Tower
11:28 Arcane Vault
13:14 Farm
16:11 Farm
17:36 Farm
19:40 Farm
22:08 Farm
24:35 Town Hall
» items
| Potion of Healing | 4 | |
| Scroll of Town Portal | 3 | |
| Potion of Mana | 2 | |
| Scroll of Regeneration | 1 | |
10 total

»
The_pusy_slayer (
teal | 44 APM | 1124 actions | 25:33)
5 Dreadlord
3 Sleep
2 Vampiric Aura
» actions
| Build / train | 74 | |
| Enter build submenu | 18 | |
| Enter hero's abilities submenu | 5 | |
| Give item / drop item | 1 | |
| Right click | 547 | |
| Select / deselect | 400 | |
| Use ability | 79 | |
1124 total
» units
| Acolyte | 12 | |
| Ghoul | 17 | |
| Necromancer | 11 | |
| Obsidian Statue | 2 | |
42 total
» upgrades
| Cannibalize | 1 | |
| Unholy Strength | 3 | |
| Unholy Armor | 3 | |
| Necromancer Training | 2 | |
| Skeletal Mastery | 1 | |
| Ghoul Frenzy | 1 | |
11 total
» buildings
| Ziggurat | 11 | |
| Graveyard | 1 | |
| Crypt | 2 | |
| Altar of Darkness | 1 | |
| Tomb of Relics | 1 | |
| Halls of the Dead | 1 | |
| Sacrificial Pit | 1 | |
| Spirit Tower | 2 | |
| Temple of the Damned | 3 | |
| Black Citadel | 1 | |
| Slaughterhouse | 1 | |
25 total
» build order
01:19 Ziggurat
01:21 Graveyard
01:27 Crypt
02:02 Altar of Darkness
02:07 Crypt
02:14 Ziggurat
03:34 Tomb of Relics
03:42 Ziggurat
05:55 Ziggurat
06:49 Halls of the Dead
10:29 Sacrificial Pit
10:32 Spirit Tower
10:39 Ziggurat
10:40 Ziggurat
11:13 Ziggurat
11:14 Ziggurat
11:15 Ziggurat
11:16 Ziggurat
11:17 Ziggurat
13:00 Spirit Tower
13:11 Temple of the Damned
13:12 Temple of the Damned
13:14 Temple of the Damned
15:59 Black Citadel
20:08 Slaughterhouse
» items
| Scroll of Town Portal | 4 | |
| Potion of Healing | 2 | |
| Rod of Necromancy | 1 | |
| Potion of Mana | 2 | |
| Orb of Corruption | 1 | |
| Scroll of Speed | 1 | |
11 total
Chat log
(02:18 / Allies) The_pusy_slayer: units
(02:19 / Allies) The_pusy_slayer: cuh
(06:46 / Allies) (:P)(:|)(:-|)=: wtf is wrong with this fucking shitty game
(06:52 / Allies) (:P)(:|)(:-|)=: wokers just stop cutting trees
(07:50 / Allies) (:P)(:|)(:-|)=: wtf you doing teal
(09:00 / Allies) (:P)(:|)(:-|)=: oj tp to purp
(09:16 / Allies) DanielCormier: unfortunate i was on the outside
(09:28 / Allies) The_pusy_slayer: tp oj
(09:33 / Allies) ShaggyDI: no
(09:52 / Allies) DanielCormier: why tp now
(10:19 / Allies) DanielCormier: lmao
(12:13 / Allies) (:P)(:|)(:-|)=: lots of meele coming
(12:47 / Allies) (:P)(:|)(:-|)=: gimme wood if you got
(14:44 / Allies) (:P)(:|)(:-|)=: lol
(16:07 / Allies) DanielCormier: he made catas
(16:09 / Allies) DanielCormier: what the fuck
(18:42 / Allies) DanielCormier: he tped
(19:32 / Allies) The_pusy_slayer: b
(20:16 / Allies) (:P)(:|)(:-|)=: lets go oj
(21:05 / Allies) The_pusy_slayer: sec
(21:36 / Allies) (:P)(:|)(:-|)=: WYRMS
(21:36 / Allies) (:P)(:|)(:-|)=: OJH
(23:51 / All) N1.FAKE: gg wp
(23:55 / All) DanielCormier: funny game
(25:28 / All) IveGotYourBack: total morons for allies.
(25:29 / All) IveGotYourBack: gg